Map: Orbital Shipyard

Players

HzVee

  • Race: Protoss Protoss
  • League: Bronze

JohnClark - Winner!

  • Race: Terran Terran
  • League: Bronze

VOD

Have the link to the VOD?

Description

Time

  • Played on: Oct. 27, 2015, 5:49 p.m.
  • Length: 11:48
Show
View Real Time Build Order
Export as new Build Order

HzVee Protoss 

Build Orders:  

Get SALT Encoding   

  12  0:01  Probe (Chrono Boost)  
  13  0:12  Probe (Chrono Boost)  
  14  0:22  Probe (Chrono Boost), Pylon  
  15  0:40  Probe (Chrono Boost)  
  16  0:48  Gateway  
  16  0:51  Probe (Chrono Boost)  
  16  0:55  Assimilator  
  17  1:02  Probe (Chrono Boost)  
  18  1:10  Gateway  
  18  1:15  Probe (Chrono Boost)  
  19  1:27  Pylon  
  19  1:39  Probe (Chrono Boost), Assimilator  
  20  1:47  Cybernetics Core  
  20  1:49  Probe (Chrono Boost)  
  20  1:51  Zealot (Chrono Boost)  
  23  2:01  Probe  
  26  2:03  Zealot (Chrono Boost)  
  26  2:13  Probe  
  27  2:23  Pylon  
  27  2:25  Probe  
  27  2:26  Warp Gate (Chrono Boost)  
  28  2:31  Stalker  
  30  2:41  Stalker  
  32  2:45  Twilight Council  
  32  2:51  Mothership Core  
  34  3:11  Nexus  
  34  3:16  Pylon  
  34  3:24  Pylon  
  34  3:27  Probe  
  35  3:35  Pylon  
  35  3:39  Probe  
  36  3:43  Adept  
  38  3:55  Forge  
  38  3:59  Resonating Glaives (Chrono Boost)  
  38  4:00  Probe  
  39  4:03  Adept  
  41  4:12  Probe  
  42  4:29  Probe  
  43  4:33  Protoss Ground Weapons Level 1 (Chrono Boost)  
  43  4:41  Probe  
  44  4:49  Gateway  
  44  4:53  Probe  
  44  4:59  Gateway  
  45  5:02  Assimilator  
  45  5:05  Probe  
  46  5:15  Robotics Facility  
  46  5:18  Probe  
  47  5:21  Pylon  
  47  5:22  Stalker x2  
  51  5:30  Probe  
  51  5:32  Pylon  
  52  5:40  Gateway  
  52  5:41  Gateway  
  52  5:42  Probe  
  53  5:54  Robotics Facility x2  
  53  5:59  Stalker x2  
  57  6:11  Immortal  
  61  6:26  Stalker  
  61  6:27  Stalker  
  61  6:29  Nexus  
  65  6:33  Pylon  
  65  6:43  Robotics Bay  
  65  6:46  Immortal  
  69  6:50  Probe  
  70  6:57  Assimilator  
  70  7:02  Probe  
  70  7:06  Photon Cannon  
  71  7:10  Photon Cannon  
  71  7:14  Probe  
  71  7:15  Photon Cannon  
  72  7:17  Observer  
  73  7:24  Stalker x2  
  73  7:25  Stalker  
  79  7:38  Extended Thermal Lance  
  79  7:40  Probe, Protoss Ground Weapons Level 2 (Chrono Boost)  
  80  7:50  Probe  
  81  8:02  Probe  
  82  8:09  Probe  
  83  8:14  Probe  
  83  8:18  Immortal (Chrono Boost)  
  88  8:21  Probe  
  88  8:23  Assimilator  
  89  8:28  Stalker x2  
  89  8:29  Stalker  
  89  8:30  Stalker  
  89  8:34  Probe  
  98  8:46  Probe, Blink  
  98  8:47  Probe  
  100  8:54  Assimilator  
  100  8:55  Pylon  
  100  8:58  Probe  
  100  8:59  Probe  
  110  9:10  Immortal x2 (Chrono Boost)  
  110  9:12  Stalker x2, Probe  
  115  9:24  Probe  
  104  9:36  Probe  
  71  9:40  Stalker x5  
  71  9:41  Stalker  
  75  9:48  Probe  
  68  10:00  Probe  
  66  10:11  Stalker x2  
  66  10:12  Stalker x4  
  77  10:24  Disruptor (Chrono Boost)  
  77  10:28  Colossus (Chrono Boost)  
  81  10:46  Nexus  
  81  10:48  Stalker  
  76  11:24  Stalker x4  
  67  11:31  Pylon  
Show
View Real Time Build Order
Export as new Build Order

JohnClark Terran - Winner!

Build Orders:  

Get SALT Encoding   

  12  0:01  SCV  
  13  0:13  SCV  
  14  0:18  Supply Depot  
  14  0:25  SCV  
  15  0:39  SCV  
  15  0:40  Barracks  
  16  0:53  SCV  
  16  0:55  Supply Depot  
  17  1:05  Refinery  
  17  1:06  SCV, Refinery  
  18  1:14  Supply Depot  
  18  1:21  SCV  
  19  1:33  Marine  
  19  1:34  Orbital Command  
  20  1:51  Factory  
  20  1:53  Marine  
  21  1:59  SCV  
  22  2:13  Barracks Tech Lab  
  22  2:14  SCV  
  23  2:28  SCV  
  24  2:46  Siege Tank  
  27  2:51  Command Center  
  27  2:54  SCV  
  28  3:00  Barracks Reactor, Engineering Bay  
  28  3:09  SCV  
  28  3:12  Starport  
  29  3:27  Supply Depot  
  29  3:43  Command Center  
  29  3:45  Missile Turret  
  29  3:46  SCV  
  30  3:48  Missile Turret  
  30  3:53  Supply Depot  
  30  3:55  Marine  
  30  4:01  Starport Reactor  
  31  4:08  SCV  
  32  4:11  Orbital Command  
  32  4:22  SCV  
  33  4:27  Missile Turret  
  33  4:29  Marine x2  
  33  4:30  Siege Tank  
  38  4:34  Terran Infantry Weapons Level 1  
  38  4:36  SCV  
  39  4:38  SCV  
  40  4:50  Marine x2  
  42  4:53  SCV x2  
  44  5:03  Viking  
  44  5:06  Factory  
  46  5:25  Missile Turret  
  46  5:29  Planetary Fortress  
  46  5:32  SCV x2, Missile Turret x3  
  48  5:38  Refinery  
  48  5:40  Refinery x2  
  48  5:44  SCV  
  48  5:48  SCV  
  50  5:52  Refinery  
  50  5:54  Siege Tank, Marine x2  
  50  5:56  SCV  
  56  5:57  Factory Tech Lab  
  56  6:00  SCV  
  57  6:10  SCV  
  57  6:11  SCV  
  59  6:18  SCV  
  59  6:23  SCV  
  59  6:24  Missile Turret  
  59  6:25  Missile Turret  
  61  6:29  SCV  
  61  6:30  SCV  
  61  6:31  Missile Turret  
  63  6:33  Missile Turret  
  63  6:34  Missile Turret  
  63  6:35  SCV  
  63  6:37  Siege Tank  
  63  6:38  Siege Tank  
  63  6:39  Marine  
  70  6:40  Marine  
  70  6:41  SCV  
  70  6:42  Viking  
  70  6:43  Viking  
  77  6:53  SCV x2  
  79  6:56  Starport  
  79  7:02  SCV  
  79  7:05  SCV  
  81  7:14  Marine x2  
  83  7:21  Armory  
  83  7:22  Missile Turret  
  83  7:24  Supply Depot  
  83  7:27  SCV x2  
  85  7:34  Starport Tech Lab  
  85  7:35  Supply Depot  
  85  7:45  SCV x2, Siege Tank, Marine x2  
  92  7:57  Viking x2, Siege Tank  
  99  8:03  Marine x2  
  101  8:15  Supply Depot  
  101  8:18  Supply Depot  
  101  8:19  SCV  
  101  8:36  SCV x2, Siege Tank  
  101  8:40  Raven  
  108  8:41  Viking x2  
  108  8:48  Marine x2  
  112  8:49  Siege Tank  
  112  8:51  Terran Vehicle Weapons Level 1  
  117  8:58  Supply Depot  
  117  8:59  Supply Depot  
  117  9:04  Supply Depot  
  117  9:05  Supply Depot  
  117  9:19  SCV x3, Siege Tank, Marine x2  
  117  9:20  Viking x2  
  117  9:21  Siege Tank  
  117  9:23  Supply Depot  
  132  9:28  Supply Depot  
  132  9:29  Supply Depot  
  132  9:32  SCV x2  
  128  10:33  Viking x3  
  134  11:03  Viking x3  
  140  11:19  Marine x2  
Tags
 
Add a new tag
Caveats
  • Supply blocks, unpowered buildings, or Contaminate may cause inaccurate times.
  • Supply counts are checked every 10 seconds.